2344 views
Uploaded 2021-09-14 23:50:14
Game version 1.32.10
23:22 long 1on1 ladder game on (4)TurtleRock
Saved by aom
2344 views
Uploaded 2021-09-14 23:50:14
Game version 1.32.10
23:22 long 1on1 ladder game on (4)TurtleRock

35 units @ 4.2k
/ 0k
12 buildings @ 2k
/ 0.5k



| Rod of Necromancy | 1 | 150 |
| Potion of Healing | 5 | 750 |
| Orb of Corruption | 1 | 375 |
| Scroll of Town Portal | 2 | 700 |
| Scroll of Healing | 2 | 500 |
| total: | 11 | 2475g |
| Acolyte | 3 | 225 | / | 0 |
| Ghoul | 31 | 3720 | / | 0 |
| Crypt Fiend | 1 | 215 | / | 40 |
| total: | 35 | 4160g | / | 40w |
| Nerubian Tower | 1 | 100 | / | 20 |
| Spirit Tower | 1 | 145 | / | 40 |
| Ziggurat | 6 | 900 | / | 300 |
| Crypt | 2 | 400 | / | 100 |
| Altar of Darkness | 1 | 180 | / | 50 |
| Tomb of Relics | 2 | 260 | / | 60 |
| Graveyard | 1 | 215 | / | 0 |
| Halls of the Dead | 1 | 320 | / | 210 |
| Black Citadel | 1 | 325 | / | 230 |
| total: | 12 | 1955g | / | 510w |
| 0:03 | Acolyte |
| 0:06 | Ziggurat |
| 0:13 | Crypt |
| 0:19 | Acolyte |
| 0:31 | Altar of Darkness |
| 0:58 | Nerubian Tower |
| 1:10 | Ziggurat |
| 1:16 | Ghoul |
| 1:28 | Ghoul |
| 1:42 | Ziggurat |
| 1:49 | Ghoul |
| 2:04 | Tomb of Relics |
| 2:16 | Ghoul |
| 2:29 | Ghoul |
| 2:34 | Vampiric Aura |
| 3:10 | Ghoul |
| 3:12 | Halls of the Dead |
| 3:29 | Rod of Necromancy |
| 3:45 | Ghoul |
| 3:52 | Ghoul |
| 4:12 | Sleep |
| 4:21 | Ghoul |
| 5:03 | Ghoul |
| 5:08 | Graveyard |
| 5:17 | Tomb of Relics |
| 5:19 | Ghoul |
| 5:40 | Ghoul |
| 6:02 | Ghoul |
| 7:33 | Black Citadel |
| 7:35 | Spirit Tower |
| 7:36 | Ghoul |
| 7:38 | Potion of Healing |
| 7:41 | Unholy Strength |
| 7:58 | Potion of Healing |
| 7:59 | Scroll of Town Portal |
| 8:32 | Ghoul |
| 8:36 | Crypt |
| 8:56 | Vampiric Aura |
| 9:11 | Ghoul |
| 9:13 | Unholy Armor |
| 9:19 | Ziggurat |
| 9:34 | Ghoul |
| 10:32 | Sleep |
| 10:47 | Ghoul Frenzy |
| 10:47 | Ghoul |
| 11:01 | Ghoul |
| 11:08 | Ghoul |
| 11:17 | Improved Unholy Strength |
| 11:41 | Ghoul |
| 11:44 | Ghoul |
| 12:01 | Improved Unholy Armor |
| 12:16 | Frost Nova |
| 12:29 | Ghoul |
| 12:56 | Scroll of Healing |
| 13:09 | Ghoul |
| 13:33 | Frost Armor |
| 13:48 | Ghoul |
| 13:48 | Ghoul |
| 14:10 | Web |
| 14:34 | Advanced Unholy Strength |
| 15:15 | Orb of Corruption |
| 15:37 | Acolyte |
| 15:54 | Ziggurat |
| 16:26 | Ziggurat |
| 16:42 | Advanced Unholy Armor |
| 16:55 | Crypt Fiend |
| 18:05 | Ghoul |
| 18:06 | Ghoul |
| 18:18 | Potion of Healing |
| 18:42 | Ghoul |
| 19:19 | Scroll of Town Portal |
| 19:22 | Potion of Healing |
| 20:03 | Vampiric Aura |
| 20:18 | Potion of Healing |
| 20:22 | Scroll of Healing |
| 21:34 | Ghoul |
| 21:35 | Ghoul |
| 22:04 | Breath of Fire |
| 22:50 | Frost Nova |
| 22:51 | Frost Nova |
| 22:51 | Frost Nova |
| 22:51 | Frost Nova |
| 22:52 | Frost Nova |
| 23:02 | Frost Nova |
| Right click | 1053 |
| Select | 545 |
| Select group | 411 |
| Build/train/purchase | 90 |
| Use ability | 37 |
| Assign group | 26 |
| Misc. action | 4 |
| Item give/drop | 2 |
| Esc | 2 |
| Remove unit | 1 |
32 units @ 4k
/ 0.4k
18 buildings @ 2.9k
/ 1.2k



| Rod of Necromancy | 5 | 750 |
| Ritual Dagger | 1 | 125 |
| Orb of Corruption | 1 | 375 |
| Potion of Healing | 2 | 300 |
| Scroll of Healing | 3 | 750 |
| Scroll of Town Portal | 2 | 700 |
| Boots of Speed | 1 | 250 |
| Scroll of Protection | 2 | 300 |
| Potion of Lesser Invulnerability | 2 | 300 |
| total: | 19 | 3850g |
| Acolyte | 12 | 900 | / | 0 |
| Ghoul | 13 | 1560 | / | 0 |
| Crypt Fiend | 1 | 215 | / | 40 |
| Obsidian Statue | 1 | 200 | / | 35 |
| Gargoyle | 3 | 525 | / | 90 |
| Abomination | 1 | 240 | / | 70 |
| Frost Wyrm | 1 | 385 | / | 120 |
| total: | 32 | 4025g | / | 355w |
| Nerubian Tower | 2 | 200 | / | 40 |
| Spirit Tower | 1 | 145 | / | 40 |
| Altar of Darkness | 1 | 180 | / | 50 |
| Ziggurat | 7 | 1050 | / | 350 |
| Crypt | 2 | 400 | / | 100 |
| Tomb of Relics | 2 | 260 | / | 60 |
| Graveyard | 1 | 215 | / | 0 |
| Necropolis | 1 | 225 | / | 0 |
| Slaughterhouse | 1 | 140 | / | 135 |
| Sacrificial Pit | 1 | 75 | / | 150 |
| Boneyard | 2 | 350 | / | 400 |
| Halls of the Dead | 1 | 320 | / | 210 |
| Black Citadel | 1 | 325 | / | 230 |
| total: | 18 | 2895g | / | 1245w |
| 0:04 | Acolyte |
| 0:07 | Altar of Darkness |
| 0:09 | Ziggurat |
| 0:17 | Acolyte |
| 0:35 | Crypt |
| 0:54 | Tomb of Relics |
| 1:35 | Graveyard |
| 1:37 | Ghoul |
| 1:53 | Ghoul |
| 2:06 | Rod of Necromancy |
| 2:06 | Rod of Necromancy |
| 2:08 | Sleep |
| 2:14 | Ghoul |
| 2:38 | Halls of the Dead |
| 2:56 | Ghoul |
| 3:00 | Unholy Strength |
| 3:16 | Cannibalize |
| 3:38 | Vampiric Aura |
| 3:44 | Unholy Armor |
| 3:47 | Ziggurat |
| 3:49 | Ziggurat |
| 3:58 | Boots of Speed |
| 5:09 | Crypt |
| 5:20 | Ritual Dagger |
| 5:35 | Rod of Necromancy |
| 5:39 | Ghoul |
| 6:00 | Death Coil |
| 6:03 | Crypt Fiend |
| 6:18 | Nerubian Tower |
| 7:13 | Acolyte |
| 7:13 | Acolyte |
| 7:42 | Acolyte |
| 7:56 | Acolyte |
| 8:19 | Acolyte |
| 8:26 | Ziggurat |
| 8:39 | Unholy Aura |
| 8:43 | Scroll of Healing |
| 9:09 | Vampiric Aura |
| 9:22 | Black Citadel |
| 9:27 | Slaughterhouse |
| 10:44 | Death Coil |
| 10:52 | Obsidian Statue |
| 10:53 | Gargoyle |
| 11:24 | Ghoul |
| 11:47 | Rod of Necromancy |
| 11:51 | Abomination |
| 12:26 | Gargoyle |
| 12:33 | Ghoul Frenzy |
| 12:51 | Ghoul |
| 13:24 | Improved Unholy Strength |
| 13:33 | Ziggurat |
| 14:18 | Scroll of Healing |
| 14:21 | Scroll of Protection |
| 14:23 | Scroll of Town Portal |
| 14:24 | Potion of Lesser Invulnerability |
| 14:44 | Advanced Unholy Strength |
| 14:56 | Ghoul |
| 14:57 | Acolyte |
| 14:58 | Acolyte |
| 15:08 | Necropolis |
| 15:11 | Sleep |
| 15:12 | Unholy Aura |
| 15:25 | Ghoul |
| 17:43 | Unholy Aura |
| 17:53 | Vampiric Aura |
| 18:12 | Vampiric Aura |
| 18:25 | Scroll of Protection |
| 18:26 | Potion of Lesser Invulnerability |
| 18:31 | Acolyte |
| 18:31 | Acolyte |
| 18:33 | Ziggurat |
| 18:35 | Tomb of Relics |
| 18:35 | Ziggurat |
| 18:41 | Boneyard |
| 18:42 | Boneyard |
| 19:20 | Silence |
| 19:28 | Nerubian Tower |
| 20:18 | Sacrificial Pit |
| 20:19 | Spirit Tower |
| 20:29 | Ghoul |
| 20:30 | Ghoul |
| 21:12 | Frost Wyrm |
| 21:23 | Ghoul |
| 21:26 | Ghoul |
| 21:29 | Acolyte |
| 21:35 | Improved Unholy Armor |
| 21:39 | Creature Attack |
| 21:49 | Orb of Corruption |
| 21:51 | Potion of Healing |
| 21:52 | Rod of Necromancy |
| 21:57 | Scroll of Healing |
| 22:07 | Potion of Healing |
| 22:11 | Scroll of Town Portal |
| 22:18 | Advanced Unholy Armor |
| 22:23 | Gargoyle |
| Select group | 1318 |
| Right click | 632 |
| Select | 592 |
| Misc. action | 124 |
| Build/train/purchase | 108 |
| Use ability | 53 |
| Assign group | 41 |
| Item give/drop | 5 |
| Remove unit | 1 |
| Minimap ping | 1 |